 Dungeon Sprint DCSS version 0.19-a0-1587-gaef70b6 (webtiles) character file.

20792 poirepourri the Ninja (level 12, -8/57 (58) HPs)
             Began as a Spriggan Enchanter on Sept 16, 2016.
             Was the Champion of Dithmenos.
             Mangled by the 27-headed Lernaean hydra (16 damage)
             ... in the Dungeon (Sprint I: "Red Sonja").
             The game lasted 00:20:23 (5675 turns).

poirepourri the Ninja (Spriggan Enchanter)          Turns: 5675, Time: 00:20:23

HP:   -8/57 (58)    AC:  9    Str: 11    XL:     12   Next: 48%
MP:   29/30         EV: 37    Int: 18    God:    Dithmenos [******]
Gold: 583           SH:  0    Dex: 20    Spells: 7 memorised, 19 levels left

rFire  . . .     SeeInvis +     n - +2 short sword (venom)
rCold  . . .     Gourm    +     f - +5 robe of Night {Dark MR+ SInv}
rNeg   . . .     Faith    .     (shield restricted)
rPois  .         Spirit   .     (helmet restricted)
rElec  .         Dismiss  .     r - +1 cloak {MR+}
rCorr  .         Reflect  .     (gloves unavailable)
MR     ++++.     Harm     .     (boots unavailable)
Stlth  ++++++++++ NoTele   +    t - amulet "Bijoadi" {Gourm Str+7 Stlth+}
                                (no ring)
                                x - +3 ring of evasion

@: wreathed by umbra, very quick
A: unfitting armour, see invisible, herbivore 3, speed 3, slow metabolism 2,
evolution 1
a: Shadow Step, Shadow Form, Renounce Religion


You were in the Dungeon.
You worshipped Dithmenos.
Dithmenos was exalted by your worship.
You were not hungry.

You visited 1 branch You collected 3350 gold pieces.
You spent 2767 gold pieces at shops.

Inventory:

Hand Weapons
 a - a +1 dagger
 i - a +0 blowgun
 m - a +1 dagger of venom
 n - a +2 short sword of venom (weapon)
 s - a +2 rapier of electrocution
 w - a cursed -2 dagger
Missiles
 k - 6 curare-tipped needles
 v - 3 needles of sleeping
Armour
 b - a +1 robe
 f - the +5 robe of Night (worn) {Dark MR+ SInv}
   (You bought it in a shop in the Dungeon)

   It affects your resistance to hostile enchantments.
   It lets you see invisible.
 q - a +0 buckler of reflection
 r - a +1 cloak of magic resistance (worn)
Jewellery
 t - the amulet "Bijoadi" (around neck) {Gourm Str+7 Stlth+}
   (You bought it in a shop in the Dungeon)

   [amulet of the gourmand]

   It allows you to eat raw meat even when not hungry.
   It affects your strength (+7).
   It makes you more stealthy.
 x - a +3 ring of evasion (left hand)
Wands
 e - a wand of polymorph (10/24)
Potions
 d - 2 potions of brilliance
 g - a potion of haste
 p - a potion of agility
 A - a potion of mutation
 B - a potion of ambrosia
Books
 c - a book of Maledictions

   Spells                             Type                      Level
   a - Corona                         Hexes                        1
   b - Ensorcelled Hibernation        Hexes/Ice                    2
   c - Confuse                        Hexes                        3
   d - Tukima's Dance                 Hexes                        3
   e - Dazzling Spray                 Conjuration/Hexes            3
 l - a book of Geomancy

   Spells                             Type                      Level
   a - Sandblast                      Earth                        1
   b - Passwall                       Transmutation/Earth          2
   c - Stone Arrow                    Conjuration/Earth            3
   d - Petrify                        Transmutation/Earth          4
   e - Lee's Rapid Deconstruction     Earth                        5
Comestibles
 u - 2 bread rations


   Skills:
 + Level 4.6 Fighting
 + Level 10.1 Short Blades
 * Level 17.0 Dodging
 O Level 27 Stealth
 * Level 6.6 Shields
 + Level 13.5 Spellcasting
 + Level 2.7 Conjurations
 + Level 15.7 Hexes
 - Level 1.2 Ice Magic
 + Level 3.0 Invocations


You had 19 spell levels left.
You knew the following spells:

 Your Spells              Type           Power        Failure   Level  Hunger
a - Corona                Hex            ######.      0%          1    None
b - Ensorcelled Hibernat  Hex/Ice        #####.       1%          2    None
c - Confuse               Hex            ######..     1%          3    None
d - Tukima's Dance        Hex            ######..     1%          3    None
e - Dazzling Spray        Conj/Hex       #####.       1%          3    None
f - Passwall              Tmut/Erth      ##........   12%         2    None
g - Lee's Rapid Deconstr  Erth           ##........   99%         5    ####...


Dungeon Overview and Level Annotations

Branches:
Dungeon (1/1)

Altars:
Cheibriados
Dithmenos
Elyvilon
Fedhas
Gozag
Hepliaklqana
Kikubaaqudgha
Makhleb
Nemelex Xobeh
Okawaru
Qazlal
Ru
Sif Muna
Trog
Uskayaw
Vehumet
Xom
Yredelemnul
Zin
The Shining One
Jiyva
Lugonu

Shops:
D [*:***[*?*[%=(=}?*([(

Annotations:
D Lernaean hydra, Lom Lobon


Innate Abilities, Weirdness & Mutations

You are tiny and cannot use many weapons and most armour.
You have supernaturally acute eyesight. (SInv)
You are a herbivore.
You cover ground extremely quickly.
You need consume almost no food.
You evolve.


Message History

The 27-headed Lernaean hydra bites you but does no damage.
You enter the shallow water.
Moving in this stuff is going to be slow.
The 27-headed Lernaean hydra completely misses you. x2
The 27-headed Lernaean hydra bites you but does no damage. x2
The 27-headed Lernaean hydra completely misses you. x3
The 27-headed Lernaean hydra misses you.
The 27-headed Lernaean hydra bites you but does no damage.
The 27-headed Lernaean hydra bites you!
* * * LOW HITPOINT WARNING * * *
You emit a cloud of dark smoke.
The 27-headed Lernaean hydra barely misses you. x2
The 27-headed Lernaean hydra bites you!
* * * LOW HITPOINT WARNING * * *
The 27-headed Lernaean hydra completely misses you.
The 27-headed Lernaean hydra misses you.
The 27-headed Lernaean hydra completely misses you. x3
The 27-headed Lernaean hydra bites you but does no damage.
The 27-headed Lernaean hydra bites you!
You die...

###++##.##...#..≈##,,,,,,,,**,,*
##..###..#+###.)≈#,,,,,,,,,,*,,*
###..###...#.≈..##,,,,,,,,,,**,*
..#(.#.###.#.≈..#,,,,,,,,,,,,*,*
§........#.###..#,,,,,,,,,,,,*,*
.§§.§....#.#.+..#*,,,,,,,,,,**,*
..§.§§####+#.##'##,,,,,,,,,,*,,*
#§..###....#.#≈§≈##,,,,,,,,**,,*
#####...####^#≈§@§##,,,,,,**,,,*
,,C...#*#§§..#≈§§D≈######**,,,,*
,,###*#§§§§####≈≈≈≈#≈≈≈≈≈*,,,,,*
,**,,,§..§§#..#'≈≈≈'≈≈.≈≈',,,,,*
**,,,,...§§#...##≈≈#≈≈≈≈≈*≈≈≈,,*
*,,,,,§§.§§#....######'##***≈≈≈*
*****,§&§§§#....#≈≈≈≈≈≈≈≈≈≈**≈≈*
≈≈≈,*,,,,,,######*≈≈≈≈≈≈≈≈≈≈≈≈≈*
*****,,,,,,+,,*,,+,,,≈≈≈≈≈≈≈*≈≈*


You could see the 27-headed Lernaean hydra.

Vanquished Creatures
  A deep elf annihilator (D)
  A lorocyproca (D)
  A mummy priest (D)
  A hydra (D)
  2 centaur warriors (D)
  Sonja (D)
  A deep troll (D)
  7 unseen horrors (D)
  A lindwurm (D)
  2 oklob plants (D)
  8 shining eyes (D)
  2 sirens (D)
  A gargoyle (D)
  4 demonic crawlers (D)
  A hellwing (D)
  2 kobold demonologists (D)
  A slime creature (D)
  Sigmund (D)
  2 redbacks (D)
  13 hogs (D)
  A yak (D)
  7 floating eyes (D)
  An ogre (D)
  7 necrophages (D)
  5 wasps (D)
  8 jellies (D)
  Ijyb (D)
  A ballistomycete spore (D)
84 creatures vanquished.

Vanquished Creatures (others)
  A gargoyle (D)
  A ballistomycete spore (D)
2 creatures vanquished.

Grand Total: 86 creatures vanquished

Notes
Turn   | Place    | Note
-------+----------+-------------------------------------------
     0 | D        | poirepourri the Spriggan Enchanter began the quest for the Orb.
     0 | D        | Reached XP level 1. HP: 9/9 MP: 5/5
     2 | D        | Noticed Ijyb
    50 | D        | Killed Ijyb
    50 | D        | Reached skill level 5 in Dodging
    50 | D        | Reached skill level 8 in Stealth
    50 | D        | Reached XP level 2. HP: 10/13 MP: 6/6
   172 | D        | Learned a level 2 spell: Ensorcelled Hibernation
   175 | D        | Noticed an ogre
   177 | D        | Killed an ogre
   177 | D        | Reached skill level 12 in Stealth
   177 | D        | Reached XP level 3. HP: 16/16 MP: 8/8
   177 | D        | Reached XP level 4. HP: 21/21 MP: 9/9
   192 | D        | Learned a level 3 spell: Confuse
   193 | D        | Noticed Sigmund
   196 | D        | Killed Sigmund
   196 | D        | Reached skill level 15 in Stealth
   196 | D        | Reached XP level 5. HP: 24/24 MP: 10/10
   196 | D        | Reached XP level 6. HP: 28/28 MP: 11/11
   215 | D        | Learned a level 3 spell: Tukima's Dance
   215 | D        | Found a deep blue altar of Sif Muna.
   217 | D        | Found a radiant altar of Vehumet.
   221 | D        | Reached skill level 16 in Stealth
   253 | D        | Found Duv Ytui's Assorted Antiques.
   253 | D        | Found an ancient bone altar of Kikubaaqudgha.
   253 | D        | Found a hazy altar of Hepliaklqana.
   253 | D        | Found a stormy altar of Qazlal.
   253 | D        | Found a hide-covered altar of Uskayaw.
   253 | D        | Found a blossoming altar of Fedhas.
   253 | D        | Found a bloodstained altar of Trog.
   253 | D        | Found an iron altar of Okawaru.
   253 | D        | Found a basalt altar of Yredelemnul.
   253 | D        | Found a glowing golden altar of the Shining One.
   253 | D        | Found a snail-covered altar of Cheibriados.
   253 | D        | Found a sacrificial altar of Ru.
   253 | D        | Found a glowing silver altar of Zin.
   253 | D        | Found a shadowy altar of Dithmenos.
   253 | D        | Found a white marble altar of Elyvilon.
   253 | D        | Noticed a yak
   254 | D        | Found an opulent altar of Gozag.
   255 | D        | Killed a yak
   255 | D        | Reached skill level 10 in Dodging
   255 | D        | Reached skill level 18 in Stealth
   256 | D        | Found a sparkling altar of Nemelex Xobeh.
   264 | D        | Became a worshipper of Dithmenos the Shadowed
   269 | D        | Bought a scroll labeled OMNATA TITHOR for 17 gold pieces
   269 | D        | Bought a scroll labeled KADAUN MICAIN for 17 gold pieces
   269 | D        | Bought a scroll labeled INAMUF YTOD for 17 gold pieces
   285 | D        | Found a burning altar of Makhleb.
   285 | D        | Found a viscous altar of Jiyva.
   285 | D        | Found a shimmering altar of Xom.
   285 | D        | Found a corrupted altar of Lugonu.
   285 | D        | Noticed a slime creature
   290 | D        | Killed a slime creature
   290 | D        | Reached skill level 19 in Stealth
   290 | D        | Reached XP level 7. HP: 32/32 MP: 12/12
   315 | D        | Noticed Sonja
   320 | D        | Killed Sonja
   320 | D        | Reached skill level 20 in Stealth
   320 | D        | Reached XP level 8. HP: 36/36 MP: 8/16
   486 | D        | Noticed a deep troll
   490 | D        | Killed a deep troll
   490 | D        | Reached * piety under Dithmenos
   490 | D        | Reached skill level 21 in Stealth
   490 | D        | Reached skill level 5 in Spellcasting
   490 | D        | Reached skill level 1 in Ice Magic
   502 | D        | Learned a level 3 spell: Dazzling Spray
   553 | D        | Found Gimnu's Armour Emporium.
   581 | D        | Noticed a centaur warrior
   581 | D        | Noticed a centaur warrior
   583 | D        | Killed a centaur warrior
   583 | D        | Reached skill level 22 in Stealth
   583 | D        | Reached skill level 10 in Hexes
   583 | D        | Reached XP level 9. HP: 40/40 MP: 17/20
   585 | D        | Killed a centaur warrior
   585 | D        | Reached skill level 1 in Fighting
   585 | D        | Reached skill level 23 in Stealth
   612 | D        | Reached ** piety under Dithmenos
   623 | D        | Noticed an oklob plant
   625 | D        | Killed an oklob plant
   641 | D        | Reached *** piety under Dithmenos
   879 | D        | Noticed an unseen horror
   879 | D        | Noticed an unseen horror
   885 | D        | Killed an unseen horror
   885 | D        | Reached skill level 24 in Stealth
   885 | D        | Reached XP level 10. HP: 43/46 MP: 23/23
   887 | D        | Killed an unseen horror
   891 | D        | Reached **** piety under Dithmenos
   892 | D        | Reached skill level 25 in Stealth
   898 | D        | Paralysed by a floating eye for 2 turns
   913 | D        | Reached ***** piety under Dithmenos
  1260 | D        | Killed a gargoyle
  1274 | D        | Found Quxiparpho's Assorted Antiques.
  1274 | D        | Found Neoxzov's Armour Shop.
  1274 | D        | Found Bulizukast's Magic Scroll Boutique.
  1276 | D        | Found Ecenimuf's Assorted Antiques.
  1276 | D        | Found Hoimn's Armour Shop.
  1276 | D        | Found Botif's Food Shoppe.
  1276 | D        | Found Gafy's Jewellery Boutique.
  1276 | D        | Found Dimao's Antique Weapon Emporium.
  1276 | D        | Found Keiqucem's Jewellery Shop.
  1276 | D        | Found Hoebu's Gadget Shoppe.
  1280 | D        | Found Ruel's Magic Scroll Boutique.
  1281 | D        | Found Nuzit's Antique Weapon Emporium.
  1281 | D        | Found Ximmias's General Store.
  1282 | D        | Found Qaaduu's Antique Weapon Emporium.
  1285 | D        | Bought a glowing rapier for 88 gold pieces
  1297 | D        | Bought the amulet "Bijoadi" {Gourm Str+7 Stlth+} for 708 gold pieces
  1456 | D        | Found Jekoed's Antique Armour Boutique.
  1465 | D        | Bought a shiny buckler for 108 gold pieces
  1497 | D        | Reached ****** piety under Dithmenos
  1506 | D        | Reached skill level 5 in Short Blades
  1506 | D        | Reached skill level 10 in Spellcasting
  1506 | D        | Reached skill level 1 in Conjurations
  1509 | D        | Reached skill level 26 in Stealth
  1522 | D        | Noticed a gargoyle
  1559 | D        | Killed a gargoyle
  1628 | D        | Noticed a lindwurm
  1632 | D        | Killed a lindwurm
  1632 | D        | Reached XP level 11. HP: 51/51 MP: 26/26
  1758 | D        | Reached skill level 27 in Stealth
  1847 | D        | Noticed a 12-headed hydra
  1849 | D        | Killed a 12-headed hydra
  1849 | D        | Reached skill level 1 in Shields
  2156 | D        | Noticed a daeva
  2159 | D        | Noticed an unseen horror
  2159 | D        | Noticed an unseen horror
  2159 | D        | Noticed an unseen horror
  2160 | D        | Noticed an unseen horror
  2162 | D        | Killed an unseen horror
  2163 | D        | Noticed an unseen horror
  2164 | D        | Killed an unseen horror
  2165 | D        | Killed an unseen horror
  2167 | D        | Killed an unseen horror
  2172 | D        | Killed an unseen horror
  2415 | D        | Noticed a fire giant
  2759 | D        | Noticed a lorocyproca
  2761 | D        | Killed a lorocyproca
  2761 | D        | Reached skill level 15 in Dodging
  3822 | D        | Bought the +5 robe of Night {Dark MR+ SInv} for 1020 gold pieces
  3839 | D        | Noticed a shining eye
  3839 | D        | Noticed a shining eye
  3839 | D        | Noticed a shining eye
  3839 | D        | Noticed a shining eye
  3840 | D        | Noticed a shining eye
  3841 | D        | Killed a shining eye
  3842 | D        | Noticed a shining eye
  3843 | D        | Killed a shining eye
  3845 | D        | Killed a shining eye
  3846 | D        | Killed a shining eye
  3846 | D        | Reached skill level 5 in Shields
  3846 | D        | Reached XP level 12. HP: 58/58 MP: 17/29
  3850 | D        | Reached skill level 15 in Hexes
  3857 | D        | Reached skill level 1 in Invocations
  4063 | D        | Found Waroa's Assorted Antiques.
  4063 | D        | Found Covupsuo's Assorted Antiques.
  4063 | D        | Found Butret's Book Emporium.
  4063 | D        | Found Vewn's Assorted Antiques.
  4093 | D        | Bought a potion of heal wounds for 105 gold pieces
  4097 | D        | Bought a scroll of identify for 42 gold pieces
  4097 | D        | Bought a bubbling emerald potion for 18 gold pieces
  4171 | D        | Bought a bread ration for 60 gold pieces
  4171 | D        | Bought a bread ration for 60 gold pieces
  4186 | D        | Bought a +3 ring of evasion for 273 gold pieces
  4194 | D        | Bought 3 scrolls of identify for 72 gold pieces
  4194 | D        | Bought a scroll of identify for 24 gold pieces
  4194 | D        | Bought a scroll of magic mapping for 42 gold pieces
  4194 | D        | Bought a scroll of identify for 24 gold pieces
  4196 | D        | Bought a bubbling golden potion for 24 gold pieces
  4196 | D        | Bought a smoky silvery potion for 24 gold pieces
  4196 | D        | Bought a blue potion for 24 gold pieces
  4575 | D        | Noticed a deep elf annihilator
  4593 | D        | Killed a deep elf annihilator
  4595 | D        | Reached skill level 10 in Short Blades
  4597 | D        | Gained mutation: You evolve. [potion of beneficial mutation]
  4604 | D        | Noticed a mummy priest
  4964 | D        | Killed a mummy priest
  5265 | D        | Learned a level 2 spell: Passwall
  5272 | D        | Learned a level 5 spell: Lee's Rapid Deconstruction
  5314 | D        | Noticed Lom Lobon
  5670 | D        | Noticed the 27-headed Lernaean hydra
  5675 | D        | Mangled by the 27-headed Lernaean hydra

Vault maps used:
D:        dungeon_sprint_1

Skill      XL: |  1  2  3  4  5  6  7  8  9 10 11 12 |
---------------+-------------------------------------+-----
Dodging        | 5 7 9 11 12 13 15 17 | 17.0
Stealth        | 8 12 15 19 20 22 24 26 27 | 27.0
Short Blades   | 2 6 9 10 | 10.1
Spellcasting   | 4 6 8 10 12 13 | 13.5
Hexes          | 7 10 12 13 14 15 | 15.7
Ice Magic      | 1 |  1.2
Fighting       | 1 2 4 |  4.6
Conjurations   | 1 2 |  2.7
Shields        | 5 6 |  6.6
Invocations    | 3 |  3.0

Action                   |  1- 3 |  4- 6 |  7- 9 | 10-12 || total
-------------------------+-------+-------+-------+-------++-------
Melee: Dagger            |    41 |     4 |     2 |       ||    47
       Short sword       |       |       |    10 |    79 ||    89
 Cast: Corona            |     1 |       |       |     2 ||     3
       Ensorcelled Hiber |       |       |     5 |    24 ||    29
       Dazzling Spray    |       |       |       |    26 ||    26
       Confuse           |       |       |       |    10 ||    10
Invok: Shadow Step       |       |       |       |    12 ||    12
Evoke: Wand              |       |       |       |     1 ||     1
  Use: Potion            |     2 |       |       |     7 ||     9
       Scroll            |       |     2 |     1 |     9 ||    12
 Stab: Sleeping          |     2 |     4 |     9 |    56 ||    71
       Confused          |       |       |       |     4 ||     4
       Distracted        |       |       |       |     1 ||     1
  Eat: Bread ration      |       |       |       |     1 ||     1
Armor: Robe              |     4 |       |       |    16 ||    20
Dodge: Dodged            |    24 |       |     8 |    72 ||   104
